[Event "*** Titled Tuesday Blitz"]
[Site "Chess.com"]
[Date "2020.04.21"]
[Round "4"]
[White "AnishGiri"]
[Black "EmmaChess"]
[Result "1-0"]
[WhiteElo "3011"]
[BlackElo "2591"]
[TimeControl "180+1"]
[EndTime "10:39:18 PDT"]
[Termination "AnishGiri won by resignation"]

1. e4 g6 2. d4 Bg7 3. Nf3 d6 4. Be3 Nd7 5. c4 e5 6. Nc3 Ngf6 7.
Be2 O-O 8. O-O Ng4 9. Bg5 f6 10. Bh4 Nh6 11. d5 a5 12. Ne1 Nc5 13. Nd3 Nxd3 14. Bxd3 b6 15. Rb1 Bd7 16. Bc2 Qe8 17. Ba4 f5 18. Bxd7 Qxd7 19. f3 Nf7 20. b3 Bh6 21. Qe2 Bg5 22. Bf2 h5 23. a3 Qe7 24.
Kh1 h4 25. h3 Bf4 26. Qe1 g5 27. exf5 Nh6 28. Ne4 Nxf5 29. Qc3 Rf7 30. Kg1 Raf8 31. b4 axb4 32. axb4 Bg3 33. c5 bxc5 34. bxc5 Ng7 35.
Bxg3 hxg3 36. cxd6 cxd6 37. Nxg3 Rf4 38. Rb6 Qa7 39. Rb1 Rd4 40. Kh2 Rxd5 41. Qc4 Qf7 42.
Rb7 Qe6 43. Rd1 Rf7 1-0

[Event "*** Titled Tuesday Blitz"]
[Site "Chess.com"]
[Date "2020.04.21"]
[Round "4"]
[White "zmeeed67"]
[Black "Tonychess32"]
[Result "0-1"]
[WhiteElo "2390"]
[BlackElo "2622"]
[TimeControl "180+1"]
[EndTime "10:39:18 PDT"]
[Termination "Tonychess32 won on time"]

1. d4 Nf6 2. c4 e6 3. Nc3 Bb4 4. f3 O-O 5. e4 d5 6. cxd5 exd5 7.
e5 Nfd7 8. f4 c5 9. a3 Ba5 10.
Nf3 cxd4 11. Nxd4 Nxe5 12. fxe5 Qh4+ 13. Ke2 Nc6 14. Nf3 Bg4 15. Qe1 Qh5 16. Kf2 Rfe8 17.
Bf4 Bb6+ 18. Kg3 Bxf3 19. gxf3 Nxe5 20. Be2 Nd3 21. Bxd3 Rxe1 22. Rhxe1 g5 23. Be3 Qh4+ 24. Kg2 Bc7 25. Nxd5 Qxh2+ 26. Kf1 Bg3 27. Re2 Qh1+ 28. Bg1 Qxf3+ 29. Bf2 Qxd3 30. Bxg3 Qf3+ 31. Rf2 Qxg3 32. Ne7+ Kf8 33. Re1 Qh3+ 34. Kg1 Re8 0-1

[Event "*** Titled Tuesday Blitz"]
[Site "Chess.com"]
[Date "2020.04.21"]
[Round "4"]
[White "D0wnpour"]
[Black "aa175"]
[Result "1-0"]
[WhiteElo "2606"]
[BlackElo "2305"]
[TimeControl "180+1"]
[EndTime "10:39:19 PDT"]
[Termination "D0wnpour won by resignation"]

1. d4 Nf6 2. c4 g6 3. Nc3 d5 4. cxd5 Nxd5 5. Na4 Bg7 6. e4 Nb6 7. Be3 O-O 8. Nf3 Bg4 9. Nc5 Qc8 10. h3 Bxf3 11. Qxf3 Nc6 12. e5 Rd8 13. Rd1 Nd5 14. Bc4 e6 15. O-O Nce7 16. Bg5 c6 17. Bxd5 Nxd5 18.
Bxd8 Qxd8 19. Nxb7 Qb6 20. Nd6 Qxb2 21. Qxf7+ Kh8 22.
Qxe6 Bf8 23. Nf7+ Kg7 24. Qxc6 Nb6 25. Rb1 Qxd4 26. Rfd1 Qa4 27. Qf6+ Kg8 28. Ng5 Qxa2 29. e6 Bg7 30. Qf7+ Kh8 31. e7 Qxf7 32. Nxf7+ Kg8 33.
Rd8+ Kxf7 34. e8=Q+ 1-0

[Event "*** Titled Tuesday Blitz"]
[Site "Chess.com"]
[Date "2020.04.21"]
[Round "4"]
[White "Neimar24"]
[Black "GMAkobianSTL"]
[Result "1/2-1/2"]
[WhiteElo "2564"]
[BlackElo "2788"]
[TimeControl "180+1"]
[EndTime "10:39:20 PDT"]
[Termination "Game drawn by repetition"]

1. e4 d6 2. d4 Nf6 3. Nc3 c6 4.
f4 Qa5 5. e5 Ne4 6. Bd3 Nxc3 7.
Qd2 d5 8. bxc3 e6 9. Nf3 c5 10. O-O Nc6 11. Qe1 cxd4 12. cxd4 Qxe1 13. Rxe1 Nb4 14.
Bd2 Nxd3 15. cxd3 Bd7 16. Rab1 b6 17. Rec1 Be7 18. Bb4 Bxb4 19. Rxb4 Ke7 20. Rb2 Rhc8 21. Rbc2 Rxc2 22. Rxc2 Rc8 23. Rxc8 Bxc8 24. Kf2 a5 25.
Ke2 h6 26. Kd2 Bd7 27. Kc3 Ba4 28. Ne1 Kd7 29. g3 Bd1 30. Ng2 g6 31. h4 b5 32. a3 Kc6 33. Ne3 Bf3 34. Nf1 b4+ 35.
axb4 a4 36. Nd2 Bd1 37. Nb1 Kb6 38. Na3 h5 39. Kd2 Bb3 40. Kc3 Bd1 41. Kb2 Be2 42.
Kc2 Bf1 43. Nb1 Kb5 44. Kc3 Be2 45. Na3+ Kb6 46. Nb1 Bf1 47. Na3 Be2 48. Nb1 Bd1 49.
Na3 Bb3 50. Nb1 Ba2 51. Na3 Ka6 52. Kb2 Bb3 53. Kc3 Bd1 54. Nb1 Kb6 55. Na3 Bb3 56. Kb2 Ka6 57. Kc3 Kb6 1/2-1/2

[Event "*** Titled Tuesday Blitz"]
[Site "Chess.com"]
[Date "2020.04.21"]
[Round "4"]
[White "GM_DarwinLaylo"]
[Black "Phenix2k"]
[Result "1-0"]
[WhiteElo "2604"]
[BlackElo "2287"]
[TimeControl "180+1"]
[EndTime "10:39:20 PDT"]
[Termination "GM_DarwinLaylo won by resignation"]

1. c4 g6 2. Nc3 Bg7 3. g3 Nf6 4. Bg2 d6 5. e4 c5 6. Nge2 Nc6 7. O-O Nd7 8. f4 Nf8 9. f5 e6 10. g4 h5 11. fxg6 Nxg6 12. gxh5 Rxh5 13. d3 Qh4 14. h3 Nd4 15. Nf4 Nxf4 16. Rxf4 Qg5 17. Rg4 Qe5 18. Rxg7 Qxg7 19. Qxh5 Nc2 20. Rb1 Qd4+ 21.
Kh1 Qxd3 22. Bg5 Kd7 23. Rd1 Qxc4 24. Qxf7+ Kc6 25. e5+ d5 26. Nxd5 Kb5 27. Bf1 1-0

[Event "*** Titled Tuesday Blitz"]
[Site "Chess.com"]
[Date "2020.04.21"]
[Round "4"]
[White "CzechmVIII"]
[Black "SimonKnightRivendell"]
[Result "1-0"]
[WhiteElo "2224"]
[BlackElo "1899"]
[TimeControl "180+1"]
[EndTime "10:39:21 PDT"]
[Termination "CzechmVIII won on time"]

1. e4 e6 2. d4 d5 3. Nc3 dxe4 4. Nxe4 Nf6 5. Nxf6+ Qxf6 6. Nf3 h6 7. Bd3 c5 8.
Be3 Nc6 9. dxc5 Bd7 10. O-O Rd8 11. Qe2 Be7 12. c3 Ne5 13. Nxe5 Qxe5 14. Bd4 Qg5 15.
Be4 Bc8 16. f4 Qh4 17. g3 Qh3 18. Rae1 O-O 19. Bc2 b6 20. cxb6 axb6 21. Bxb6 Rd5 22. f5 Bd6 23. Be4 Re5 24. Bd4 exf5 25. Bxe5 Bxe5 26. Bg2 1-0

[Event "*** Titled Tuesday Blitz"]
[Site "Chess.com"]
[Date "2020.04.21"]
[Round "4"]
[White "energie73"]
[Black "SARGISMV"]
[Result "1-0"]
[WhiteElo "2248"]
[BlackElo "2425"]
[TimeControl "180+1"]
[EndTime "10:39:22 PDT"]
[Termination "energie73 won by checkmate"]

1. d4 Nf6 2. Bf4 g6 3. Nc3 Bg7 4. Qd2 d5 5. Bh6 Bxh6 6. Qxh6 Bf5 7. Nf3 Bxc2 8. Ng5 Nc6 9. e3 Bf5 10. Rc1 a6 11. f3 e5 12. dxe5 Nxe5 13. Rd1 Qe7 14.
Nxd5 Nxd5 15. Rxd5 Qb4+ 16. Kf2 Qxb2+ 17. Kg3 Nd7 18.
e4 Be6 19. Nxe6 fxe6 20. Rd2 Qe5+ 21. f4 Qxe4 22. Rxd7 Kxd7 23. Qg7+ Kc6 24. Be2 Qe3+ 25. Bf3+ Kb6 26. Rb1+ Ka5 27. Qxc7+ b6 28. Rb3 Qc5 29.
Qg7 g5 30. Qb2 gxf4+ 31. Kh3 b5 32. Rc3 Qh5+ 33. Bxh5 Rad8 34. Qa3+ Kb6 35. Qc5+ Ka5 36. Ra3# 1-0

[Event "*** Titled Tuesday Blitz"]
[Site "Chess.com"]
[Date "2020.04.21"]
[Round "4"]
[White "Nastya_Rakhmangulova"]
[Black "Charlottemillard17"]
[Result "1-0"]
[WhiteElo "2373"]
[BlackElo "1385"]
[TimeControl "180+1"]
[EndTime "10:39:24 PDT"]
[Termination "Nastya_Rakhmangulova won by checkmate"]

1. e4 e5 2. Nf3 Nc6 3. c3 h6 4.
Bb5 d6 5. O-O Bg4 6. d4 exd4 7.
cxd4 a6 8. Bxc6+ bxc6 9. Be3 Nf6 10. Nbd2 Be7 11. Qa4 Qd7 12. Rac1 Bxf3 13. Nxf3 Nxe4 14. Qxc6 Qxc6 15. Rxc6 Bd8 16. Nd2 Nxd2 17. Bxd2 O-O 18. Ba5 Ra7 19. Rfc1 Rb7 20. b3 Re8 21. Rxa6 Rb5 22.
Ra8 Kf8 23. Bxc7 Bxc7 24. Rxe8+ Kxe8 25. Rxc7 Ra5 26. a4 Rd5 27. Rc4 Rf5 28. f3 d5 29.
Rc5 Kd7 30. Kf2 Kd6 31. a5 Rf6 32. a6 Re6 33. b4 Re8 34. b5 Ra8 35. Rc6+ Kd7 36.
Rb6 Kc7 37. Rb7+ Kc8 38. Rxf7 Rb8 39. a7 Rxb5 40. a8=Q+ Rb8 41. Qc6+ Kd8 42. Qd7# 1-0

[Event "*** Titled Tuesday Blitz"]
[Site "Chess.com"]
[Date "2020.04.21"]
[Round "4"]
[White "Falia-p"]
[Black "DanielRensch"]
[Result "1-0"]
[WhiteElo "2322"]
[BlackElo "2484"]
[TimeControl "180+1"]
[EndTime "10:39:25 PDT"]
[Termination "Falia-p won by resignation"]

1. e4 c5 2. Nf3 d6 3. d4 cxd4 4. Nxd4 Nf6 5. Nc3 a6 6. h3 e5 7. Nb3 Be6 8. f4 exf4 9. Bxf4 Nc6 10. Qd2 Ne5 11. O-O-O Nfd7 12. g4 Rc8 13. g5 Be7 14. h4 O-O 15. Be2 Nb6 16. Na5 Nbc4 17. Nxc4 Bxc4 18.
Bxe5 dxe5 19. Bxc4 Qxd2+ 20. Rxd2 Rxc4 21. Nd5 Bd8 22. Re2 h6 23. Rg1 hxg5 24. hxg5 g6 25. b3 Rd4 26. Rg3 Kg7 27. c3 Rxd5 28. exd5 Bc7 29. Rd3 Bd6 30. c4 Rh8 31. Kb2 Rh5 32. a3 Rxg5 33. b4 b6 34. Rc2 e4 35. Re3 f5 36.
c5 bxc5 37. bxc5 Bf4 38. c6 Bxe3 39. c7 Bd4+ 40. Kb3 Rg3+ 41. Kc4 Bf6 42. c8=Q Rd3 43. Qd7+ Kh6 44. Qd6 Rd4+ 45. Kc5 Kg7 46. Qxf6+ Kxf6 47. Kxd4 1-0

[Event "*** Titled Tuesday Blitz"]
[Site "Chess.com"]
[Date "2020.04.21"]
[Round "4"]
[White "Jeffinho023"]
[Black "shyam"]
[Result "1/2-1/2"]
[WhiteElo "2487"]
[BlackElo "2648"]
[TimeControl "180+1"]
[EndTime "10:39:27 PDT"]
[Termination "Game drawn by repetition"]

1. d4 Nf6 2. Nf3 g6 3. g3 b5 4.
Bg2 Bb7 5. O-O Bg7 6. b3 O-O 7. Bb2 d6 8. Nbd2 Nbd7 9. c4 bxc4 10. Nxc4 a5 11. Rc1 c5 12. e3 Ra7 13. dxc5 Nxc5 14.
Bd4 Ra6 15. Bxc5 dxc5 16. Qxd8 Rxd8 17. Nfe5 Bxg2 18. Kxg2 a4 19. Rfd1 Re8 20. Nd7 Nxd7 21. Rxd7 axb3 22. axb3 Bf6 23. Rb7 Rd8 24. Rc2 Rd3 25. Nd2 Ra3 26. Ne4 Raxb3 27. Rxb3 Rxb3 28. Nxf6+ exf6 29. Rxc5 Kg7 30. h4 f5 31. Kf3 Rb4 32.
Kg2 h6 33. Kf3 Rb6 34. Rd5 Kf6 35. Rc5 Ra6 36. Rb5 g5 37. hxg5+ hxg5 38. Rc5 g4+ 39. Kg2 Kg5 40. e4 Rf6 41. Kf1 Kg6 42. exf5+ Rxf5 43. Rc4 Kg5 44. Rc8 Ra5 45. Rc4 f6 46. Kg2 Kf5 47.
Rf4+ Kg5 48. Rb4 Re5 49. Rc4 f5 50. Rc8 Re6 51. Rg8+ Kf6 52. Ra8 Rd6 53. Rf8+ Ke5 54. Ra8 Ke4 55. Ra4+ Rd4 56. Ra3 Rc4 57. Re3+ Kd4 58.
Ra3 Rc3 59. Ra4+ Rc4 60. Ra5 Ke4 61. Ra3 Rb4 62. Re3+ Kd5 63. Ra3 Rb2 64. Ra4 Rc2 65.
Rf4 Ke5 66. Ra4 Rd2 67. Ra5+ Rd5 68. Ra4 Rd4 69. Ra5+ Ke4 70. Ra3 Rd3 71. Ra4+ Rd4 72. Ra3 1/2-1/2

[Event "*** Titled Tuesday Blitz"]
[Site "Chess.com"]
[Date "2020.04.21"]
[Round "4"]
[White "petincash"]
[Black "Joshukid"]
[Result "0-1"]
[WhiteElo "2336"]
[BlackElo "2565"]
[TimeControl "180+1"]
[EndTime "10:39:28 PDT"]
[Termination "Joshukid won on time"]

1. e4 c5 2. Nc3 a6 3. g4 b5 4. Bg2 b4 5. Nce2 Bb7 6. f4 h5 7. g5 g6 8. Nh3 Bg7 9. O-O e6 10.
f5 exf5 11. exf5 Bxg2 12. Kxg2 gxf5 13. Ng3 Ne7 14. Nxh5 Be5 15. d4 cxd4 16. Qf3 Nbc6 17. Bf4 Qa5 18. Nf6+ Bxf6 19. gxf6 Ng6 20. Rae1+ Kd8 21.
Ng5 Nh4+ 22. Kg3 Nxf3 23. Nxf7+ Kc8 24. Nd6+ Kc7 25. Nc4+ Nce5 26. Nxa5 Rag8+ 27. Kf2 Nxe1 28. Bxe5+ d6 29. f7 Rg2+ 30. Kxe1 dxe5 31. Rxf5 Rf8 32. Nc4 Kd7 33. Nxe5+ Ke6 34. Rh5 Rxc2 0-1

[Event "*** Titled Tuesday Blitz"]
[Site "Chess.com"]
[Date "2020.04.21"]
[Round "4"]
[White "Ovsiannikov_Maxim"]
[Black "Sanyura"]
[Result "1-0"]
[WhiteElo "2226"]
[BlackElo "2420"]
[TimeControl "180+1"]
[EndTime "10:39:28 PDT"]
[Termination "Ovsiannikov_Maxim won by resignation"]

1. d4 d6 2. Nf3 Nf6 3. Bg5 g6 4. Nc3 Bg7 5. Qd2 O-O 6. Bh6 c5 7. dxc5 dxc5 8. Qxd8 Rxd8 9. Bxg7 Kxg7 10. h3 Nc6 11. a3 Bf5 12. Rc1 Nd4 13. Nxd4 cxd4 14. Na2 Rac8 15. Nb4 e5 16. g4 Be4 17. Rg1 a5 18. Nd3 Bxd3 19. exd3 Nd5 20. Bg2 Nf4 21. Kd2 b5 22. h4 f6 23. Bf3 Rc7 24. Rge1 Rdc8 25. g5 b4 26. axb4 axb4 27. gxf6+ Kxf6 28. Bg4 Rb8 29. Ra1 Rb6 30. Ra8 h5 31. Bf3 Rb5 32.
Rf8+ Kg7 33. Re8 Rbc5 34. Bd1 Kf6 35. Rf8+ Ke7 36. Rg8 Kf7 37. Rb8 Ra7 38. Rxb4 Ra1 39. Rb7+ Kf6 40. b4 Rc3 41. Rb6+ Kg7 42. Rxe5 Ra2 43. Re7+ Kh6 44. Rbb7 g5 45. Rb6+ Ng6 46. Ree6 gxh4 47. Rxg6+ Kh7 48. Rh6+ Kg7 49. Rhc6 Rxc6 50. Rxc6 Ra7 1-0

[Event "*** Titled Tuesday Blitz"]
[Site "Chess.com"]
[Date "2020.04.21"]
[Round "4"]
[White "pawnwonder"]
[Black "ApacheSVD"]
[Result "0-1"]
[WhiteElo "2177"]
[BlackElo "2422"]
[TimeControl "180+1"]
[EndTime "10:39:28 PDT"]
[Termination "ApacheSVD won on time"]

1. e4 c5 2. Nf3 d6 3. d4 cxd4 4. Nxd4 Nf6 5. Nc3 g6 6. Be3 Bg7 7. f3 O-O 8. Bc4 Nc6 9. Qd2 Bd7 10. h4 Rc8 11. Bb3 h5 12. O-O-O Ne5 13. Kb1 a5 14. Bh6 Bxh6 15. Qxh6 Rxc3 16. bxc3 a4 17.
f4 axb3 18. fxe5 bxc2+ 19. Nxc2 dxe5 20. Qe3 Qa5 21. Nb4 Be6 22. Rd2 Nxe4 23. Rb2 Rc8 24. Rc1 Qa3 25. Rbc2 Nxc3+ 26. Rxc3 Qxb4+ 27. Ka1 Ra8 28. R1c2 e4 29. Rc7 Qd6 30. Rxb7 Qd1+ 31. Kb2 Rxa2+ 0-1

[Event "*** Titled Tuesday Blitz"]
[Site "Chess.com"]
[Date "2020.04.21"]
[Round "4"]
[White "viktorskliarov"]
[Black "ViktoriyaTarasova"]
[Result "1-0"]
[WhiteElo "2686"]
[BlackElo "2447"]
[TimeControl "180+1"]
[EndTime "10:39:29 PDT"]
[Termination "viktorskliarov won by resignation"]

1. e4 c5 2. Nf3 d6 3. d4 cxd4 4. Qxd4 Nf6 5. Nc3 Nc6 6. Bb5 Bd7 7.
Bxc6 Bxc6 8. Bg5 e6 9. O-O-O Be7 10. Rhe1 Qa5 11. Kb1 O-O 12. Qd2 Qc7 13. Nd4 a6 14. f4 Rfc8 15. h4 b5 16. Nxc6 Qxc6 17. e5 dxe5 18. fxe5 b4 19. exf6 bxc3 20. Qd4 cxb2 21. Re2 Rd8 22. fxe7 Rxd4 23. Rxd4 Re8 24. Rd8 h6 25. Red2 f6 26. Rxe8+ Qxe8 27. Rd8 Kf7 28.
Rxe8 Kxe8 29. Be3 Kxe7 30. Kxb2 e5 31. g4 f5 32. gxf5 Kf6 33. Kc3 Kxf5 34. Kd3 g5 35.
hxg5 hxg5 36. c4 e4+ 37. Kd4 g4 38. c5 g3 39. Kd5 g2 40. c6 1-0

[Event "*** Titled Tuesday Blitz"]
[Site "Chess.com"]
[Date "2020.04.21"]
[Round "4"]
[White "Ellaijio_B"]
[Black "vaishali2001"]
[Result "1-0"]
[WhiteElo "2674"]
[BlackElo "2495"]
[TimeControl "180+1"]
[EndTime "10:39:29 PDT"]
[Termination "Ellaijio_B won by resignation"]

1. e4 c5 2. Nf3 d6 3. d4 cxd4 4. Nxd4 Nf6 5. Nc3 Nc6 6. f4 g6 7. Nxc6 bxc6 8. e5 Nd7 9. Bc4 Bg7 10. exd6 O-O 11. O-O Nb6 12. dxe7 Qxe7 13. Bb3 a5 14. a4 Qc5+ 15. Kh1 Ba6 16. Rg1 Rad8 17. Qf3 Rfe8 18. f5 Qxf5 19. Qxf5 gxf5 20. Bg5 Rd6 21. Rge1 Rxe1+ 22. Rxe1 Bxc3 23. bxc3 Bc4 24. h4 h6 25. Bf4 Rd7 26.
Bxh6 Bxb3 27. cxb3 Rd3 28. Bg5 Rxc3 29. Bf6 Rg3 30.
Re8+ Kh7 31. Rh8+ Kg6 32. Rg8+ Kxf6 33. Rxg3 Nd5 34. h5 Nf4 35. h6 Ng6 36. Rc3 Kg5 37. h7 Kh6 38. Rxc6 Kxh7 39. Ra6 1-0

[Event "*** Titled Tuesday Blitz"]
[Site "Chess.com"]
[Date "2020.04.21"]
[Round "4"]
[White "Fandorine"]
[Black "Firegrizzly"]
[Result "1-0"]
[WhiteElo "2891"]
[BlackElo "2678"]
[TimeControl "180+1"]
[EndTime "10:39:31 PDT"]
[Termination "Fandorine won by resignation"]

1. e4 c5 2. Nf3 Nc6 3. Bb5 e6 4.
Bxc6 bxc6 5. b3 f6 6. O-O Ne7 7. c3 Ng6 8. d4 cxd4 9. cxd4 d5 10. Re1 Be7 11. Ba3 Bxa3 12. Nxa3 O-O 13. Qc1 Qd7 14. e5 a5 15. Qe3 a4 16. b4 Ba6 17.
Rac1 Rac8 18. exf6 Rxf6 19. Ne5 Nxe5 20. Qxe5 Rcf8 21.
f3 h6 22. Nb1 Bc4 23. a3 Re8 24. Nd2 Bb5 25. Nb1 Rf5 26. Qg3 Qa7 27. Qf2 Qf7 28.
Nc3 Bc4 29. Nxa4 Qa7 30. Nc5 Qxa3 31. Qd2 e5 32. Ra1 Qxa1 33. Rxa1 exd4 34. Qxd4 Rg5 35. h4 Rg6 36. Nd7 Re2 37. Ra8+ Kf7 38. Ne5+ Rxe5 39. Qxe5 Re6 40. Rf8+ Kxf8 41. Qxe6 d4 42. Qxc4 1-0

[Event "*** Titled Tuesday Blitz"]
[Site "Chess.com"]
[Date "2020.04.21"]
[Round "4"]
[White "talman67"]
[Black "Durarbayli"]
[Result "0-1"]
[WhiteElo "2558"]
[BlackElo "2814"]
[TimeControl "180+1"]
[EndTime "10:39:31 PDT"]
[Termination "Durarbayli won by resignation"]

1. e4 c5 2. Nf3 d6 3. d4 cxd4 4.
Nxd4 Nf6 5. Nc3 Nc6 6. Bg5 Qb6 7. Bxf6 gxf6 8. Nb3 f5 9. exf5 Bxf5 10. Bd3 Bg6 11.
O-O Bg7 12. Nd5 Qd8 13. c3 e6 14. Ne3 d5 15. f4 Qb6 16. Qd2 O-O-O 17. Kh1 Kb8 18.
f5 Bh5 19. g4 Bh6 20. gxh5 Bxe3 21. Qg2 Rhg8 22. Qf3 e5 23. Rae1 Bh6 24. Rg1 e4 25.
Bxe4 dxe4 26. Qxe4 a6 27. Rxg8 Rxg8 28. Qd5 Qf2 29.
Qe4 Bf4 30. Qe2 Rg1+ 31. Rxg1 Qxe2 0-1

[Event "*** Titled Tuesday Blitz"]
[Site "Chess.com"]
[Date "2020.04.21"]
[Round "4"]
[White "zurzan"]
[Black "abhijeetgupta1016"]
[Result "0-1"]
[WhiteElo "2006"]
[BlackElo "2903"]
[TimeControl "180+1"]
[EndTime "10:39:31 PDT"]
[Termination "abhijeetgupta1016 won on time"]

1. f4 c5 2. Nf3 Nc6 3. g3 h5 4.
Bg2 Nh6 5. O-O g6 6. h4 Bg7 7. c3 d5 8. d3 d4 9. Qe1 O-O 10. Na3 Qc7 11. Nb5 Qb6 12. a4 a6 13. Na3 Be6 14. c4 Qc7 15. Nc2 a5 16. b3 Rae8 17. Rb1 Bg4 18. Qd1 e5 19. e4 dxe3 20. Nxe3 exf4 21.
Nxg4 hxg4 22. Bxf4 Qd7 23. Ng5 Nf5 24. Ne4 b6 25.
Qxg4 Qxd3 26. Rfd1 Qc2 27. Rbc1 Qxb3 28. Nd6 Nxd6 29.
Bxd6 Ne5 30. Qh3 Nxc4 31. Bxf8 Rxf8 32. Bd5 Qe3+ 33. Kh1 Ne5 34. Qg2 Ng4 35. Rf1 Nf6 36. Bc4 Nh5 37. Bxf7+ Rxf7 38. Rxf7 Qxc1+ 39. Kh2 Kxf7 40. Qd5+ Ke7 0-1

[Event "*** Titled Tuesday Blitz"]
[Site "Chess.com"]
[Date "2020.04.21"]
[Round "4"]
[White "patzerplay"]
[Black "pomeraniandog"]
[Result "1-0"]
[WhiteElo "2378"]
[BlackElo "1767"]
[TimeControl "180+1"]
[EndTime "10:39:31 PDT"]
[Termination "patzerplay won by checkmate"]

1. e4 e6 2. d4 d5 3. Nc3 Nf6 4. e5 Nfd7 5. Nce2 c5 6. c3 f6 7. f4 Nc6 8. Nf3 Qa5 9. a3 c4 10. h4 Be7 11. f5 exf5 12. Nf4 Nb6 13. Nh5 g6 14. Nxf6+ Bxf6 15. exf6 Be6 16. Ng5 O-O-O 17. Nxe6 Rde8 18. Be2 Rxe6 19. f7 Nd8 20. Bf4 Nxf7 21. O-O Qa4 22. Qd2 Qb3 23. Bg3 Na4 24. Bd1 Qxb2 25.
Qf4 Qb6 26. Bxa4 Rd8 27. Qb8# 1-0

[Event "*** Titled Tuesday Blitz"]
[Site "Chess.com"]
[Date "2020.04.21"]
[Round "4"]
[White "inegrepus"]
[Black "letsgoband"]
[Result "0-1"]
[WhiteElo "2266"]
[BlackElo "2458"]
[TimeControl "180+1"]
[EndTime "10:39:32 PDT"]
[Termination "letsgoband won by resignation"]

1. d4 Nf6 2. c4 g6 3. g3 Bg7 4. Bg2 O-O 5. Nf3 c6 6. O-O d5 7. cxd5 cxd5 8. Nc3 a6 9. Ne5 h6 10. Qb3 e6 11. Bf4 Ne8 12. Rac1 Nd6 13. Rfd1 b5 14. h4 g5 15. hxg5 hxg5 16. Be3 Bb7 17. a4 Nc4 18. axb5 Nxe3 19. fxe3 Bxe5 20. dxe5 Qb6 21. Na4 Qxb5 22. Qxb5 axb5 23. Nc5 Bc6 24. e4 dxe4 25. Nxe4 Bxe4 26.
Bxe4 Ra2 27. Rd2 Na6 28. Rc6 Rb8 29. Rd7 Rf8 30. Bd3 Nb8 31. Rcc7 Nxd7 32. Rxd7 Rxb2 33. Rb7 b4 34. Kf2 Rd8 35. Kf3 Rd4 36. Ba6 Rb3+ 37.
e3 g4+ 38. Ke2 Rb2+ 39. Ke1 Rdd2 40. Bb5 Rg2 41. Kf1 Rh2 42. Kg1 Rhd2 43. Bf1 Rb1 0-1

[Event "*** Titled Tuesday Blitz"]
[Site "Chess.com"]
[Date "2020.04.21"]
[Round "4"]
[White "Nafania1"]
[Black "KafkaesqueKnight"]
[Result "1-0"]
[WhiteElo "2374"]
[BlackElo "2130"]
[TimeControl "180+1"]
[EndTime "10:39:32 PDT"]
[Termination "Nafania1 won by resignation"]

1. e4 c5 2. Nf3 d6 3. Bb5+ Bd7 4. Bxd7+ Qxd7 5. c4 Nf6 6. Nc3 e5 7. O-O Be7 8. a3 O-O 9. b4 b6 10. d3 Nc6 11. Rb1 Nd4 12. Bg5 Ne8 13. Bxe7 Qxe7 14. Nxd4 cxd4 15. Nd5 Qd8 16. Qa4 Nc7 17. Rfc1 Ne6 18.
Qd1 f5 19. exf5 Rxf5 20. Qg4 Qg5 21. Ne7+ Qxe7 22. Qxf5 Rf8 23. Qe4 Ng5 24. Qd5+ Kh8 25. c5 dxc5 26. bxc5 Qf6 27. c6 Qxf2+ 28. Kh1 Rf3 29. c7 1-0

[Event "*** Titled Tuesday Blitz"]
[Site "Chess.com"]
[Date "2020.04.21"]
[Round "4"]
[White "Gabix_94"]
[Black "AleksanderHnydiuk"]
[Result "0-1"]
[WhiteElo "2805"]
[BlackElo "2578"]
[TimeControl "180+1"]
[EndTime "10:39:33 PDT"]
[Termination "AleksanderHnydiuk won by checkmate"]

1. d4 d5 2. c4 c6 3. Nf3 Nf6 4.
Nc3 dxc4 5. e4 b5 6. Be2 Bg4 7. O-O e6 8. a4 b4 9. e5 bxc3 10. exf6 cxb2 11. fxg7 Bxg7 12. Bxb2 O-O 13. Ne5 Bxe5 14.
Bxg4 Bg7 15. Rc1 Nd7 16. Rxc4 c5 17. Qc2 Qb6 18. a5 Qxa5 19. dxc5 Qa2 20. Bxe6 fxe6 21. Rg4 Rf7 22. Ra1 Qd5 23. Rd1 Qxc5 24. Qe4 Qxf2+ 25. Kh1 Qf1+ 26. Rxf1 Rxf1# 0-1

[Event "*** Titled Tuesday Blitz"]
[Site "Chess.com"]
[Date "2020.04.21"]
[Round "4"]
[White "Fighter008"]
[Black "canhhuan"]
[Result "0-1"]
[WhiteElo "2485"]
[BlackElo "2658"]
[TimeControl "180+1"]
[EndTime "10:39:34 PDT"]
[Termination "canhhuan won by resignation"]

1. e4 Nf6 2. e5 Nd5 3. d4 d6 4. Nf3 g6 5. Be2 Bg7 6. O-O O-O 7. exd6 cxd6 8. c4 Nb6 9. Nc3 Nc6 10. Be3 Bg4 11.
b3 d5 12. c5 Nc8 13. h3 Bxf3 14. Bxf3 e6 15. Rb1 N8e7 16. b4 Nf5 17. Ne2 Qf6 18. b5 Ncxd4 19. Nxd4 Nxd4 20. Bxd4 Qxd4 21. Qxd4 Bxd4 22. Rfc1 Rfc8 23. c6 bxc6 24. bxc6 Rc7 25. Be2 Rac8 26. Ba6 Re8 27. Rb7 Ree7 28. Kf1 Kg7 29. Ke2 Kf6 30. f3 Ke5 31. Kd3 Bb6 32. a4 Kd6 33. Rc2 e5 34. Rc1 f5 35. g4 e4+ 36.
fxe4 fxe4+ 37. Ke2 Rf7 38. Rxc7 Rf2+ 39. Ke1 Kxc7 40. Rd1 Kxc6 41. Bb5+ Kd6 42. Bc4 e3 43. Rxd5+ Kc6 44. Re5 Bd4 45. Re6+ Kc5 46. Bf1 Bc3+ 0-1

[Event "*** Titled Tuesday Blitz"]
[Site "Chess.com"]
[Date "2020.04.21"]
[Round "4"]
[White "Chichin_chao"]
[Black "ChessicallyInclined"]
[Result "1/2-1/2"]
[WhiteElo "2370"]
[BlackElo "2604"]
[TimeControl "180+1"]
[EndTime "10:39:36 PDT"]
[Termination "Game drawn by repetition"]

1. e4 d6 2. d4 Nf6 3. Nc3 g6 4. Nf3 Bg7 5. Bc4 O-O 6. O-O Bg4 7. h3 Bxf3 8. Qxf3 Nc6 9. Qd1 e5 10. dxe5 dxe5 11. Be3 Nd4 12. a3 c6 13. Qd2 Nh5 14. Ne2 b5 15. Ba2 Qh4 16. f3 Rad8 17.
Nxd4 exd4 18. Bg5 Qg3 19. Bxd8 Be5 20. f4 Nxf4 21. Rf3 Nxh3+ 22. Kf1 Qg4 23. Rxh3 Rxd8 24.
Rf3 Rf8 25. Kg1 Kg7 26. Qe2 f6 27. Rd1 Qh5 28. a4 Qh2+ 29. Kf2 Qh4+ 30. Kf1 Qh1+ 31. Kf2 Qh4+ 32. Kg1 Qh2+ 33. Kf2 Qh4+ 1/2-1/2

[Event "*** Titled Tuesday Blitz"]
[Site "Chess.com"]
[Date "2020.04.21"]
[Round "4"]
[White "Hanging_pointer"]
[Black "FrogMist"]
[Result "1-0"]
[WhiteElo "2606"]
[BlackElo "2424"]
[TimeControl "180+1"]
[EndTime "10:39:37 PDT"]
[Termination "Hanging_pointer won by resignation"]

1. d4 Nf6 2. c4 g6 3. Nc3 d5 4.
Bg5 Bg7 5. Bxf6 Bxf6 6. cxd5 c6 7. dxc6 Nxc6 8. e3 O-O 9. Nf3 Bf5 10. Be2 Qb6 11.
Qd2 Rfd8 12. O-O e5 13. d5 e4 14. Ne1 Nb4 15. Nc2 Rac8 16. Nxb4 Qxb4 17. Rac1 Rd6 18. Rfd1 Rcd8 19. a3 Qb3 20. Qe1 Qxb2 21. g4 Bxc3 22.
Rxc3 Bd7 23. Rb1 Qa2 24. Bc4 Qxb1 25. Qxb1 a6 26. Qxe4 b5 27. Be2 Re8 28. Qd4 Be6 29. Bf3 Red8 30. e4 h5 31. h3 hxg4 32. hxg4 Bd7 33. Qe5 Be8 34. Rc7 f6 35. Qe7 R6d7 1-0

[Event "*** Titled Tuesday Blitz"]
[Site "Chess.com"]
[Date "2020.04.21"]
[Round "4"]
[White "Unknown_IM"]
[Black "crazy_but_lazy"]
[Result "1-0"]
[WhiteElo "2630"]
[BlackElo "2377"]
[TimeControl "180+1"]
[EndTime "10:39:39 PDT"]
[Termination "Unknown_IM won by checkmate"]

1. e4 c5 2. Nf3 d6 3. d4 cxd4 4. Nxd4 Nf6 5. Nc3 a6 6. Bg5 Nbd7 7. f4 Qc7 8. Qf3 h6 9. Bxf6 Nxf6 10. f5 Qc5 11. O-O-O g5 12. fxg6 Bg4 13. gxf7+ Kxf7 14. Qd3 Bxd1 15. Nxd1 e6 16. g3 Re8 17. Bh3 Bg7 18. Rf1 Rhf8 19. Ne3 b5 20. Ng4 Qh5 21. Nf2 Re7 22. Nc6 Rc7 23. Qxd6 Rfc8 24. Bxe6+ Kg6 25.
Bf5+ Kf7 26. Ne5+ Ke8 27. Bg6+ Qxg6 28. Nxg6 Rxc2+ 29. Kb1 Nd5 30. Qe6+ Kd8 31. Qxd5+ Ke8 32. Qe6+ Kd8 33. Qe7# 1-0

[Event "*** Titled Tuesday Blitz"]
[Site "Chess.com"]
[Date "2020.04.21"]
[Round "4"]
[White "realmadridtv"]
[Black "algatar2020"]
[Result "0-1"]
[WhiteElo "2277"]
[BlackElo "1941"]
[TimeControl "180+1"]
[EndTime "10:39:39 PDT"]
[Termination "algatar2020 won by checkmate"]

1. e4 d6 2. d4 g6 3. Nc3 Bg7 4.
f4 Nf6 5. Nf3 Nfd7 6. Bc4 O-O 7.
h4 e5 8. h5 exd4 9. hxg6 dxc3 10. gxf7+ Kh8 11. Rxh7+ Kxh7 12. Ng5+ Kg6 13. Qg4 Ne5 14.
f5+ Kf6 15. Qh4 Nxc4 16. Ne6+ Kxf7 17. Nxd8+ Ke8 18. b3 Nd2 19. Ne6 Bxe6 20. fxe6 Nc6 21. Qh5+ Kd8 22. Ke2 Nd4+ 23. Kd3 Nxe6 24. Qh4+ Kd7 25.
Qg4 Rf4 26. Qg6 Raf8 27. Bxd2 cxd2 28. Rd1 Rf2 29. Qg4 R8f4 30. Qh3 Ke7 31. g3 Nc5+ 32.
Kc4 Rxe4+ 33. Kb5 c6+ 34. Ka5 Bc3+ 35. b4 b6# 0-1